 Dungeon Crawl Stone Soup version 0.30.1-1-g62c8e00024 (webtiles) character file.

Game seed: 15067707250562688925

256 Babbit the Caller (level 6, -1/42 HPs)
             Began as a Merfolk Summoner on July 12, 2023.
             Slain by a gnoll
             ... wielding a +0 spear
              (5 damage)
             ... on level 5 of the Dungeon on July 16, 2023.
             The game lasted 00:43:52 (3101 turns).

Babbit the Caller (Merfolk Summoner)                Turns: 3101, Time: 00:43:52

Health: -1/42      AC:  2    Str:  9    XL:     6   Next: 16%
Magic:  9/12       EV: 13    Int: 16    God:
Gold:   147        SH:  0    Dex: 14    Spells: 7/13 levels left

rFire   . . .        h - +2 dagger (drain)
rCold   . . .        (no shield)
rNeg    . . .        a - +0 robe
rPois   .            (no helmet)
rElec   .            (no cloak)
rCorr   .            (no gloves)
SInv    .            (no boots)
Will    .....        (no amulet)
Stlth   ++           (no ring)
HPRegen 0.27/turn    (no ring)
MPRegen 0.13/turn

%: no passive effects
@: no status effects
A: (nimble swimmer 2), mertail
a: no special abilities


You were on level 5 of the Dungeon.
You visited 1 branch of the dungeon, and saw 5 of its levels.

You collected 147 gold pieces.

Inventory:

Hand Weapons
 h - a +2 dagger of draining (weapon)
Armour
 a - a +0 robe (worn)
Scrolls
 d - a scroll of immolation {unknown}
 e - a scroll of teleportation {unknown}
 f - 2 scrolls of identify
 j - a scroll of fear {unknown}
 k - a scroll of enchant armour {unknown}
 o - a scroll of fog {unknown}
Potions
 b - a potion of magic
 c - a potion of invisibility
 g - 2 potions of might
 i - 2 potions of haste
 m - a potion of berserk rage {unknown}
 n - a potion of resistance {unknown}
 p - a potion of attraction {unknown}


   Skills:
 + Level 0.5 Fighting
 + Level 0.1 Short Blades
 + Level 3.5 Dodging
 + Level 2.4 Stealth
 + Level 0.7 Unarmed Combat
 + Level 4.1 Spellcasting
 + Level 5.4 Summonings


You had 7 spell levels left.
You knew the following spells:

 Your Spells              Type           Power      Damage    Failure   Level
a - Summon Small Mammal   Summ           80%        N/A       1%          1
b - Call Canine Familiar  Summ           20%        N/A       5%          3
c - Call Imp              Summ           40%        N/A       2%          2

Your spell library contained the following spells:

 Spells                   Type           Power      Damage    Failure   Level
 Summon Guardian Golem    Hex/Summ       12%        N/A       16%         3
 Magic Dart               Conj           12%        1d3       17%         1
 Mephitic Cloud           Conj/Pois/Air  3%         N/A       45%         3
 Summon Lightning Spire   Summ/Air       12%        N/A       47%         4


Dungeon Overview and Level Annotations

Branches:
Dungeon (5/15)
 Temple: D:4-7

Altars:
Hepliaklqana


Innate Abilities, Weirdness & Mutations

((You are very nimble when in or above water. (Stealth+, EV+, Speed+++)))
Your lower body shifts to a powerful aquatic tail in water.


Message History

The phantom is heavily damaged.
The phantom hits you.
The phantom blinks!
You blink.
Casting: Summon Small Mammal (safe; 1% risk of failure)
Confirm with . or Enter, or press ? or * to list all spells.
The phantom hits you but does no damage.
You barely miss the phantom. Your punch misses the phantom.
The phantom is heavily damaged.
The phantom hits you.
You hit the phantom but do no damage.
The phantom is heavily damaged.
The phantom hits you.
* * * LOW HITPOINT WARNING * * *
You hit the phantom.
The phantom is heavily damaged.
The phantom closely misses you.
You hit the phantom.
The phantom is severely damaged.
The phantom hits you.
* * * LOW HITPOINT WARNING * * *
You barely miss the phantom.
The phantom is severely damaged.
The phantom hits you.
* * * LOW HITPOINT WARNING * * *
You feel better.
Your hound bites the phantom.
The phantom barely misses your hound.
You swap places.
Your hound closely misses the phantom.
Your quokka barely misses the phantom.
Your hound bites the phantom but does no damage.
The gnoll misses you. The phantom hits your hound.
Your hound dies!
Your hound's corpse disappears in a puff of smoke!
Your quokka closely misses the phantom.
The gnoll hits you with a +0 spear!
* * * LOW HITPOINT WARNING * * *
The phantom hits your quokka.
Casting: Summon Small Mammal (safe; 1% risk of failure)
Confirm with . or Enter, or press ? or * to list all spells.
Your quokka barely misses the phantom.
The gnoll closely misses you. The phantom closely misses your quokka.
The gnoll attacks as you move away! The gnoll hits you with a +0 spear.
You die...

#.. #.# #.# #.#
######.######
#W......>...#
#r####.####.# #.# #.#
#.# ## #@# #.# #(.#.##
##g## #.# #.#...
##b..###h# #...g
######.......§####.#.#
..........##..#r##.#.#
.............§§hg....#
...####.####.##.######
. #.# #.##.# #.#
#.##.#


You could see a phantom (ally target), a gnoll (ally target), a friendly quokka
(summoned) and a friendly bat (summoned).

Vanquished Creatures
  A phantom (D:4)
  An iguana (D:5)
  A gnoll (D:5)
  An orc (D:3)
  2 bats (D:3)
  3 endoplasms
  A giant cockroach (D:4)
  2 goblins
  A hobgoblin (D:2)
  3 kobolds
  2 quokkas
  3 ball pythons
  A rat (D:2)
  3 butterflies (D:1)
25 creatures vanquished.

Vanquished Creatures (collateral kills)
  A hound (D:4)
  2 adders
  2 gnolls (D:5)
  A worm (D:3)
  A dart slug (D:1)
  2 orcs
  3 endoplasms
  4 giant cockroaches
  5 goblins
  5 hobgoblins
  3 jackals (D:1)
  4 kobolds
  7 ball pythons
  8 bats
  3 frilled lizards
  A rat (D:3)
  A butterfly (D:1)
53 creatures vanquished.

Grand Total: 78 creatures vanquished

Notes
Turn   | Place    | Note
-------+----------+-------------------------------------------
     0 | D:1      | Babbit the Merfolk Summoner began the quest for the Orb.
     0 | D:1      | Reached XP level 1. HP: 13/13 MP: 3/3
   232 | D:1      | Reached XP level 2. HP: 5/19 MP: 3/5
   628 | D:1      | Reached XP level 3. HP: 21/24 MP: 3/6
  1044 | D:2      | Learned a level 3 spell: Call Canine Familiar
  1047 | D:2      | Learned a level 2 spell: Call Imp
  1166 | D:2      | Found a hazy altar of Hepliaklqana.
  1359 | D:2      | Found a faded altar of an unknown god.
  1437 | D:2      | Reached XP level 4. HP: 30/30 MP: 8/8
  2041 | D:3      | Upgraded the game from 0.30.1 to 0.30.1-1-g62c8e00024
  2667 | D:4      | Noticed a phantom
  2690 | D:4      | Reached XP level 5. HP: 36/36 MP: 2/9
  2699 | D:4      | Killed a phantom
  2700 | D:4      | Reached skill level 5 in Summonings
  2900 | D:5      | Entered Level 5 of the Dungeon
  2940 | D:5      | Reached XP level 6. HP: 35/42 MP: 4/12
  3101 | D:5      | Slain by a gnoll

Illustrated notes

Levels and vault maps discovered:
D:1:      spicycebolla_arrival_clurvy, layout_loops_cross, nrook_loot_triangle,
          chequers_hall_statues_y, minmay_tree_intersection
D:2:      layout_basic, basic_altar, nicolae_ecumenical_oubliette
D:3:      cheibrodos_helix_gallery, layout_basic
D:4:      kb_forest_paths, layout_loops_ring, serial_shops, shop
D:5:      layout_loops_ring, nzn_overflow_gifts_of_might_and_magic,
          serial_shops, nicolae_shop_tiny_statue_garden, nicolae_shop_waterfront

Skill      XL: |  1  2  3  4  5 |
---------------+----------------+-----
Dodging        | 3 |  3.5
Spellcasting   | 3 4 |  4.1
Summonings     | 5 |  5.4
Fighting       | |  0.5
Short Blades   | |  0.1
Stealth        | |  2.4
Unarmed Combat | |  0.7

Action                     |  1- 3 |  4- 6 || total
---------------------------+-------+-------++-------
  Melee: Unarmed           |    48 |       ||    48
         Dagger            |    15 |    53 ||    68
         Punch             |     1 |     1 ||     2
   Cast: Summon Small Mamm |    51 |    46 ||    97
         Call Imp          |     2 |     9 ||    11
         Call Canine Famil |       |     7 ||     7
    Use: Scroll            |     1 |     4 ||     5
         Potion            |       |     1 ||     1
   Stab: Sleeping          |     1 |       ||     1
 Armour: Robe              |    28 |    11 ||    39
  Dodge: Dodged            |    91 |    52 ||   143
